 Dungeon Crawl Stone Soup version 0.31.0-11-ge490571c62 (webtiles) character file.

Game seed: 10150521716756726344

337 Aviak the Digger (level 6, -1/47 HPs)
             Began as a Demonspawn Earth Elementalist on Jan 26, 2024.
             Killed from afar by an orc wizard (5 damage)
             ... with a magic dart
             ... on level 4 of the Dungeon.
             The game lasted 00:07:03 (2946 turns).

Aviak the Digger (Demonspawn Earth Elementalist)    Turns: 2946, Time: 00:07:04

Health: -1/47      AC:  5    Str:  9    XL:     6   Next: 28%
Magic:  1/10       EV: 13    Int: 17    God:
Gold:   235        SH:  0    Dex: 19    Spells: 4/11 levels left

rFire   . . .        y - +1 short sword (flame)
rCold   . . .        (no shield)
rNeg    . . .        a - +0 robe
rPois   +            (no helmet)
rElec   .            n - +1 cloak
rCorr   .            (no gloves)
SInv    .            (no boots)
Will    .....        (no amulet)
Stlth   ++           P - ring of poison resistance
HPRegen 1.27/turn    o - +6 ring of dexterity
MPRegen 0.12/turn

%: no passive effects
@: studying Fighting
A: rugged brown scales 1, ignite blood 1, powered by death 2
a: no special abilities


You were on level 4 of the Dungeon.
You visited 1 branch of the dungeon, and saw 4 of its levels.

You collected 235 gold pieces.

Inventory:

Hand Weapons
 g - a +0 dagger
 y - a +1 short sword of flaming (weapon)
Armour
 a - a +0 robe (worn)
 n - a +1 cloak (worn)
Jewellery
 m - a ring of fire
 o - a +6 ring of dexterity (right hand)
 x - a +6 ring of strength
 P - a ring of poison resistance (left hand)
Wands
 q - a wand of light (8)
Scrolls
 d - 4 scrolls of identify {unknown}
 e - a scroll of acquirement {unknown}
 i - 3 scrolls of immolation {unknown}
 j - a scroll of amnesia {unknown}
 l - 2 scrolls of teleportation {unknown}
 p - a scroll of silence {unknown}
 s - a scroll of fog {unknown}
 t - a scroll of enchant armour {unknown}
 w - a scroll of poison {unknown}
Potions
 b - a potion of magic
 f - a potion of ambrosia {unknown}
 k - a potion of mutation {unknown}
 r - a potion of haste {unknown}
 u - a potion of might {unknown}
 v - a potion of degeneration {unknown}


   Skills:
 + Level 2.9 Fighting
 - Level 2.7 Dodging
 - Level 2.1 Stealth
 - Level 3.0 Spellcasting
 + Level 3.2 Conjurations
 + Level 4.1 Earth Magic


You had 4 spell levels left.
You knew the following spells:

 Your Spells              Type           Power      Damage    Failure   Level
a - Sandblast             Erth           32%        2d9       3%          1
b - Stone Arrow           Conj/Erth      30%        3d8       12%         3
c - Passwall              Erth           16%        N/A       10%         3

Your spell library contained the following spells:

 Spells                   Type           Power      Damage    Failure   Level
 Hailstorm                Conj/Ice       8%         3d5       26%         3
 Brom's Barrelling Bould  Conj/Erth      15%        2d4       36%         4
 Summon Ice Beast         Ice/Summ       2%         N/A       45%         3
 Petrify                  Alch/Erth      9%         N/A       58%         4
 Sculpt Simulacrum        Ice/Alch       1%         N/A       100%        6


Dungeon Overview and Level Annotations

Branches:
Dungeon (4/15)
 Temple: D:4-7

Altars:
Ashenzari
Nemelex Xobeh
Ru

Shops:
D:1 !   D:2 (


Innate Abilities, Weirdness & Mutations

You are partially covered in rugged brown scales. (AC +1, +3% HP)
Your demonic aura sometimes causes spilled blood to erupt in flames.
You regenerate health from kills.


Message History

Press: ? - help, Shift-Dir - straight line, f/p - orc priest
Aim: an orc priest, wielding a +0 war axe and wearing a +0 chain mail (moderately wounded, 79% to hit)
The bolt of light hits the orc priest.
The orc priest is severely wounded.
The orc priest is blinded.
The orc priest misses you. Something hits you.
You catch the helpless orc priest completely off-guard!
You hit the orc priest but do no damage.
The orc priest is severely wounded.
The orc priest barely misses you. Something hits you but does no damage.
You closely miss the orc priest.
The orc priest is severely wounded.
The orc priest hits you with a +0 war axe!
* * * LOW HITPOINT WARNING * * *
Something hits you.
* * * LOW HITPOINT WARNING * * *
You feel better.
The orc priest casts a cantrip, but nothing happens.
Something hits you.
* * * LOW HITPOINT WARNING * * *
Unknown command.
You catch the helpless orc priest completely off-guard!
You hit the orc priest. You burn the orc priest.
The orc priest is almost dead.
The orc priest closely misses you.
You hear some strange, mumbled words.
Something tries to affect you, but you resist.
You hit the orc priest but do no damage.
The orc priest is almost dead.
The orc priest calls down the wrath of Beogh upon you.
Beogh smites you!
* * * LOW HITPOINT WARNING * * *
Something hits you but does no damage.
Aiming: Bolt of Light
Press: ? - help, Shift-Dir - straight line, p - orc priest The bolt of light hits the orc priest!
You kill the orc priest!
You hear some strange, mumbled words.
A magic dart appears from out of thin air!
The magic dart hits you.
You die...

#####......# #..........#
+..........# ..~≈♣♣♣
#........#######. ...~≈≈≈≈
#........'....... ...~~..
#........######## ..≈≈≈
#..............# #.≈♣
#..........)...######.≈♣
#.......).@{..........≈♣♣♣≈
########'#####........≈≈≈≈≈
#.#####...)......†.)
#.....#.........####
#####..(..#.........#
#.........#.........#
#.###.....#.........#
#.....#....†....#
####....#.........#


There were no monsters in sight!

Vanquished Creatures
  A phantom (D:4)
  A scorpion (D:4)
  2 orc priests (D:4)
  An orc wizard (D:4)
  3 gnolls (D:4)
  3 adders
  6 dart slugs
  3 ribbon worms
  An orc (D:4)
  6 ball pythons
  7 bats
  4 endoplasms
  5 giant cockroaches
  9 goblins
  8 hobgoblins
  4 jackals (D:1)
  4 kobolds
  2 quokkas
  4 frilled lizards (D:1)
  4 rats
78 creatures vanquished.

Notes
Turn   | Place    | Note
-------+----------+-------------------------------------------
     0 | D:1      | Aviak the Demonspawn Earth Elementalist began the quest for
                  | the Orb.
     0 | D:1      | Reached XP level 1. HP: 13/13 MP: 3/3
     2 | D:1      | Noticed a tengu
     2 | D:1      | Noticed a merfolk
     4 | D:1      | Noticed a felid
     6 | D:1      | Noticed a demonspawn
     6 | D:1      | Noticed a naga
     8 | D:1      | Noticed an oni
    11 | D:1      | Noticed a demigod
    11 | D:1      | Noticed an elf
    13 | D:1      | Noticed a vine stalker
    13 | D:1      | Noticed a spriggan
    15 | D:1      | Noticed a barachi
    15 | D:1      | Noticed an armataur
    18 | D:1      | Noticed a human
    18 | D:1      | Noticed a troll
    20 | D:1      | Noticed a draconian
    22 | D:1      | Noticed a gargoyle
    22 | D:1      | Noticed an octopode
    24 | D:1      | Noticed a formicid
    24 | D:1      | Noticed a djinni
    26 | D:1      | Noticed a ghoul
    26 | D:1      | Noticed a minotaur
    28 | D:1      | Noticed a vampire
   142 | D:1      | Found Paih Esm's Distillery.
   196 | D:1      | Gained mutation: You regenerate a little health from kills.
                  | [demonic ancestry]
   196 | D:1      | Reached XP level 2. HP: 12/19 MP: 1/5
   712 | D:1      | Reached skill level 3 in Earth Magic
   712 | D:1      | Gained mutation: You are partially covered in rugged brown
                  | scales. (AC +1, +3% HP) [demonic ancestry]
   712 | D:1      | Reached XP level 3. HP: 18/24 MP: 3/6
   897 | D:2      | Found Aczong's Weapon Shop.
  1477 | D:3      | Reached XP level 4. HP: 30/30 MP: 5/7
  1703 | D:3      | Found a sacrificial altar of Ru.
  2266 | D:3      | Learned a level 3 spell: Stone Arrow
  2270 | D:3      | Learned a level 3 spell: Passwall
  2404 | D:3      | Found a broken altar of Ashenzari.
  2469 | D:4      | Gained mutation: Your demonic aura sometimes causes spilled
                  | blood to erupt in flames. [demonic ancestry]
  2469 | D:4      | Reached XP level 5. HP: 16/36 MP: 0/9
  2643 | D:4      | Found a sparkling altar of Nemelex Xobeh.
  2652 | D:4      | Noticed a phantom
  2661 | D:4      | Killed a phantom
  2662 | D:4      | Reached skill level 1 in Fighting
  2840 | D:4      | Reached skill level 4 in Earth Magic
  2840 | D:4      | Gained mutation: You regenerate health from kills. [demonic
                  | ancestry]
  2840 | D:4      | Reached XP level 6. HP: 46/46 MP: 4/10
  2943 | D:4      | HP: 2/47 [orc priest/divine providence (11)]
  2946 | D:4      | Killed from afar by an orc wizard

Illustrated notes

Levels and vault maps discovered:
D:1:      kb_arrival_jail, layout_rooms, serial_shops,
          nicolae_shop_industrial_runoff
D:2:      layout_rooms, serial_shops, nicolae_shop_bloodbath_and_beyond,
          kennysheep_generic_room_4
D:3:      layout_loops_ring, mainiacjoe_overflow_swirl
D:4:      layout_basic, mainiacjoe_overflow_small_starburst, kennysheep_boxes

Skill      XL: |  1  2  3  4  5 |
---------------+----------------+-----
Stealth        | 2 |  2.1
Dodging        | 2 |  2.7
Earth Magic    | 3 4 |  4.1
Conjurations   | 2 3 |  3.2
Fighting       | 2 |  2.9
Spellcasting   | 3 |  3.0

Action                     |  1- 3 |  4- 6 || total
---------------------------+-------+-------++-------
  Melee: Unarmed           |     6 |       ||     6
         Dagger            |     8 |    17 ||    25
         Short sword       |       |    17 ||    17
   Cast: Sandblast         |    60 |    73 ||   133
         Stone Arrow       |       |     1 ||     1
  Evoke: Wand              |       |     2 ||     2
    Use: Potion            |       |     4 ||     4
   Stab: Sleeping          |     2 |     1 ||     3
         Invisible         |       |     2 ||     2
 Armour: Robe              |    31 |    57 ||    88
  Dodge: Dodged            |    38 |    50 ||    88
